| TOP OF THE 1ST |
|
Atlanta (MID) Braves batting - Pitching for Lakewood BlueClaws : RHP Joe Morse
|
|
Pitching: RHP Joe Morse
|
|
|
Batting: RHB Chris Trites
|
0-0: Called Strike 0-1: Ball 1-1: Ball 2-1: Ball 3-1: Base on Balls
|
|
Batting: RHB Costantino Dolfini
|
0-0: Foul Ball, location: 2F 0-1: Ball 1-1: Foul Ball, location: 2F 1-2: Fly out, F7 (Flyball, 7S, EV 93.8 MPH)
|
|
Batting: SHB Brett McEwen
|
0-0: Ball 1-0: Ball 2-0: Grounds into double play, 5-4-3 (Groundball, 5, EV 100.0 MPH)
|
| Top of the 1st over - 0 runs, 0 hits, 0 errors, 0 left on base; Atlanta (MID) 0 - Lakewood 0 |
| BOTTOM OF THE 1ST |
|
Lakewood BlueClaws batting - Pitching for Atlanta (MID) Braves : RHP Gabe Fillmore
|
|
Pitching: RHP Gabe Fillmore
|
|
|
Batting: RHB Tony Perez
|
0-0: Ball 1-0: Ball 2-0: Foul Ball, location: 2F 2-1: Swinging Strike 2-2: Ball 3-2: Foul Ball, location: 2F 3-2: DOUBLE (Flyball, 8LXD, EV 110.0 MPH)
|
|
Batting: RHB Kyle Reilly
|
0-0: Ball 1-0: Fly out, F8 (Flyball, 8RM, EV 68.1 MPH)
|
|
Batting: RHB Alan Weller
|
0-0: Ball 1-0: SINGLE (Groundball, 6D, EV 103.1 MPH) Tony Perez to third
|
|
Batting: SHB Brett St. Clair
|
0-0: Called Strike 0-1: Ball Alan Weller steals 2nd base 1-1: Fly out, F8 (Flyball, 8LM, EV 85.6 MPH) Runner from 3rd tags up, OUT at HOME! 8-2
|
| Bottom of the 1st over - 0 runs, 2 hits, 0 errors, 1 left on base; Atlanta (MID) 0 - Lakewood 0 |
| TOP OF THE 2ND |
|
Atlanta (MID) Braves batting - Pitching for Lakewood BlueClaws : RHP Joe Morse
|
|
Batting: LHB Tamaichi Sasada
|
0-0: Ball 1-0: DOUBLE (Flyball, 8LXD, EV 90.6 MPH)
|
|
Batting: LHB Ricardo Sandoval
|
0-0: Ground out U3 (Groundball, 3, EV 82.5 MPH) Tamaichi Sasada to third
|
|
Batting: LHB Andres Aldape
|
0-0: Called Strike 0-1: Fly out, F7 (Line Drive, 78S, EV 104.4 MPH)
|
|
Batting: RHB Alex Campos
|
0-0: Ball 1-0: Swinging Strike 1-1: Foul Ball, location: 2F 1-2: Ball 2-2: Strikes out swinging
|
| Top of the 2nd over - 0 runs, 1 hit, 0 errors, 1 left on base; Atlanta (MID) 0 - Lakewood 0 |
| BOTTOM OF THE 2ND |
|
Lakewood BlueClaws batting - Pitching for Atlanta (MID) Braves : RHP Gabe Fillmore
|
|
Batting: RHB Mike Maserang
|
0-0: Called Strike 0-1: Ball 1-1: Called Strike 1-2: Strikes out swinging
|
|
Batting: LHB Josh George
|
0-0: Ball 1-0: Ball 2-0: Fly out, F9 (Flyball, 9S, EV 90.0 MPH)
|
|
Batting: RHB Juan Valadez
|
0-0: Ball 1-0: Swinging Strike 1-1: SINGLE (Line Drive, 7LS, EV 111.9 MPH)
|
|
Batting: RHB Trent Hedrick
|
0-0: Swinging Strike Juan Valadez steals 2nd base 0-1: Called Strike 0-2: Ball 1-2: Foul Ball, location: 2F 1-2: Ball 2-2: Strikes out looking
|
| Bottom of the 2nd over - 0 runs, 1 hit, 0 errors, 1 left on base; Atlanta (MID) 0 - Lakewood 0 |
| TOP OF THE 3RD |
|
Atlanta (MID) Braves batting - Pitching for Lakewood BlueClaws : RHP Joe Morse
|
|
Batting: RHB Adonis Jenifer
|
0-0: Hit by Pitch
|
|
Batting: RHB Gabe Allen
|
0-0: Ball 1-0: Ball 2-0: Foul Ball, location: 2F 2-1: Foul Ball, location: 2F 2-2: Foul Ball, location: 2F 2-2: Ball 3-2: Foul Ball, location: 2F 3-2: Fly out, F6 (Popup, 6MS, EV 75.6 MPH)
|
|
Batting: RHB Chris Trites
|
0-0: Called Strike 0-1: Foul Ball, location: 2F 0-2: Fly out, F8 (Flyball, 8RM, EV 83.1 MPH)
|
|
Batting: RHB Costantino Dolfini
|
0-0: Foul Ball, location: 2F 0-1: DOUBLE (Line Drive, 89D, EV 114.4 MPH) Adonis Jenifer to third
|
|
Batting: SHB Brett McEwen
|
0-0: Ball 1-0: Called Strike 1-1: Ground out 1-3 (Groundball, 25, EV 70.0 MPH)
|
| Top of the 3rd over - 0 runs, 1 hit, 0 errors, 2 left on base; Atlanta (MID) 0 - Lakewood 0 |
| BOTTOM OF THE 3RD |
|
Lakewood BlueClaws batting - Pitching for Atlanta (MID) Braves : RHP Gabe Fillmore
|
|
Batting: RHB Danny Habermehl
|
0-0: Ball 1-0: Ball 2-0: Called Strike 2-1: Ball 3-1: Called Strike 3-2: Base on Balls
|
|
Batting: RHB Tony Perez
|
0-0: Ball 1-0: Ball 2-0: SINGLE (Groundball, 6MS, EV 85.6 MPH) (infield hit) Danny Habermehl to second
|
|
Batting: RHB Kyle Reilly
|
0-0: Called Strike 0-1: Ball 1-1: Foul Ball, location: 2F 1-2: Ball 2-2: Ball 3-2: Fielders Choice at 2nd, 5-4 (Groundball, 56, EV 86.2 MPH) Danny Habermehl to third
|
|
Batting: RHB Alan Weller
|
0-0: Ball Kyle Reilly is caught stealing 2nd base 2-4 1-0: Ball 2-0: Ball 3-0: Foul Ball, location: 2F 3-1: SINGLE (Line Drive, 9LS, EV 107.5 MPH) Danny Habermehl scores
|
|
Batting: SHB Brett St. Clair
|
0-0: Ball 1-0: SINGLE (Groundball, 3D, EV 103.8 MPH) Alan Weller to second Runner from 2nd tries for 3rd, OUT! 9-5
|
| Bottom of the 3rd over - 1 run, 3 hits, 0 errors, 1 left on base; Atlanta (MID) 0 - Lakewood 1 |
| TOP OF THE 4TH |
|
Atlanta (MID) Braves batting - Pitching for Lakewood BlueClaws : RHP Joe Morse
|
|
Batting: LHB Tamaichi Sasada
|
0-0: SOLO HOME RUN (Flyball, 89XD, EV 103.1 MPH), Distance : 412 ft
|
|
Batting: LHB Ricardo Sandoval
|
0-0: Foul Ball, location: 2F 0-1: Foul Ball, location: 2F 0-2: TRIPLE (Line Drive, 8RXD, EV 101.9 MPH)
|
|
Batting: LHB Andres Aldape
|
0-0: Swinging Strike 0-1: Swinging Strike 0-2: Ball 1-2: Ball 2-2: Strikes out swinging
|
|
Batting: RHB Alex Campos
|
0-0: Called Strike 0-1: Foul Ball, location: 2F 0-2: Ball 1-2: Foul Ball, location: 2F 1-2: DOUBLE (Line Drive, 5D, EV 98.1 MPH) Ricardo Sandoval scores
|
|
Batting: RHB Adonis Jenifer
|
0-0: Ball 1-0: SINGLE (Line Drive, 78S, EV 106.2 MPH) Alex Campos to third Runner from 3rd tries for Home, SAFE, throw by LF to home
|
|
Batting: RHB Gabe Allen
|
0-0: Swinging Strike 0-1: Fielders Choice at 2nd, 5-4 (Groundball, 56, EV 98.1 MPH)
|
|
Batting: RHB Chris Trites
|
0-0: Called Strike 0-1: Foul Ball, location: 2F 0-2: Foul Ball, location: 2F 0-2: Ground out 4-3 (Groundball, 34, EV 86.9 MPH)
|
| Top of the 4th over - 3 runs, 4 hits, 0 errors, 1 left on base; Atlanta (MID) 3 - Lakewood 1 |
| BOTTOM OF THE 4TH |
|
Lakewood BlueClaws batting - Pitching for Atlanta (MID) Braves : RHP Gabe Fillmore
|
|
Batting: RHB Mike Maserang
|
0-0: Ball 1-0: Foul Ball, location: 2F 1-1: Ball 2-1: Foul Ball, location: 2F 2-2: Ground out 6-3 (Groundball, 6, EV 87.5 MPH)
|
|
Batting: LHB Josh George
|
0-0: Ball 1-0: Ball 2-0: Ball 3-0: Called Strike 3-1: Ground out 4-3 (Groundball, 4M, EV 102.5 MPH)
|
|
Batting: RHB Juan Valadez
|
0-0: Called Strike 0-1: Ball 1-1: Ball 2-1: Ball 3-1: SINGLE (Groundball, 6MD, EV 104.4 MPH)
|
|
Batting: RHB Trent Hedrick
|
0-0: SINGLE (Groundball, 56S, EV 63.8 MPH) (infield hit) Juan Valadez to second
|
|
Batting: RHB Danny Habermehl
|
0-0: Fielders Choice at 2nd, 6-4 (Groundball, 6, EV 103.8 MPH)
|
| Bottom of the 4th over - 0 runs, 2 hits, 0 errors, 2 left on base; Atlanta (MID) 3 - Lakewood 1 |
| TOP OF THE 5TH |
|
Atlanta (MID) Braves batting - Pitching for Lakewood BlueClaws : RHP Joe Morse
|
|
Batting: RHB Costantino Dolfini
|
0-0: Called Strike 0-1: Ball 1-1: Ball 2-1: Foul Ball, location: 2F 2-2: Strikes out looking
|
|
Batting: SHB Brett McEwen
|
0-0: Called Strike 0-1: Ball 1-1: Swinging Strike 1-2: Ball 2-2: Ball 3-2: Foul Ball, location: 2F 3-2: SOLO HOME RUN (Flyball, 9D, EV 95.0 MPH), Distance : 378 ft
|
|
Batting: LHB Tamaichi Sasada
|
0-0: Called Strike 0-1: Foul Ball, location: 2F 0-2: Ball 1-2: Ball 2-2: Ball 3-2: SOLO HOME RUN (Flyball, 78XD, EV 98.1 MPH), Distance : 392 ft
|
|
Pitching: RHP Gregorio Padilla
|
|
|
Batting: LHB Ricardo Sandoval
|
0-0: Ball 1-0: Foul Ball, location: 2F 1-1: Ground out U3 (Groundball, 3L, EV 90.6 MPH)
|
|
Batting: LHB Andres Aldape
|
0-0: Called Strike 0-1: Foul Ball, location: 2F 0-2: Foul Ball, location: 2F 0-2: Ball 1-2: Foul Ball, location: 2F 1-2: Ball 2-2: Fly out, F4 (Flyball, 34D, EV 86.2 MPH)
|
| Top of the 5th over - 2 runs, 2 hits, 0 errors, 0 left on base; Atlanta (MID) 5 - Lakewood 1 |
| BOTTOM OF THE 5TH |
|
Lakewood BlueClaws batting - Pitching for Atlanta (MID) Braves : RHP Gabe Fillmore
|
|
Batting: RHB Tony Perez
|
0-0: Foul Ball, location: 2F 0-1: Foul Ball, location: 2F 0-2: Ball 1-2: Foul Ball, location: 2F 1-2: Ground out 6-3 (Groundball, 6S, EV 80.0 MPH)
|
|
Batting: RHB Kyle Reilly
|
0-0: Foul Ball, location: 2F 0-1: Fly out, F9 (Flyball, 9D, EV 85.6 MPH)
|
|
Batting: RHB Alan Weller
|
0-0: Ball 1-0: Ball 2-0: Called Strike 2-1: Fly out, F9 (Line Drive, 89M, EV 97.5 MPH)
|
| Bottom of the 5th over - 0 runs, 0 hits, 0 errors, 0 left on base; Atlanta (MID) 5 - Lakewood 1 |
| TOP OF THE 6TH |
|
Atlanta (MID) Braves batting - Pitching for Lakewood BlueClaws : RHP Gregorio Padilla
|
|
Batting: RHB Alex Campos
|
0-0: Ball 1-0: Ball 2-0: Called Strike 2-1: Foul Ball, location: 2F 2-2: Foul Ball, location: 2F 2-2: Ball 3-2: SOLO HOME RUN (Flyball, 78XD, EV 105.6 MPH), Distance : 405 ft
|
|
Batting: RHB Adonis Jenifer
|
0-0: Ball 1-0: Called Strike 1-1: Swinging Strike 1-2: Strikes out swinging
|
|
Batting: RHB Gabe Allen
|
0-0: Ball 1-0: Ball 2-0: Ball 3-0: Called Strike 3-1: Base on Balls
|
|
Batting: RHB Chris Trites
|
0-0: Swinging Strike 0-1: Ball 1-1: Ball 2-1: Foul Ball, location: 2F 2-2: Foul Ball, location: 2F 2-2: Strikes out swinging
|
|
Batting: RHB Costantino Dolfini
|
0-0: Foul Ball, location: 2F 0-1: Ball 1-1: Swinging Strike 1-2: Ball 2-2: Foul Ball, location: 2F 2-2: Foul Ball, location: 2F 2-2: Foul Ball, location: 2F 2-2: Ball 3-2: Strikes out swinging
|
| Top of the 6th over - 1 run, 1 hit, 0 errors, 1 left on base; Atlanta (MID) 6 - Lakewood 1 |
| BOTTOM OF THE 6TH |
|
Lakewood BlueClaws batting - Pitching for Atlanta (MID) Braves : RHP Gabe Fillmore
|
|
Batting: SHB Brett St. Clair
|
0-0: Called Strike 0-1: Ball 1-1: Ball 2-1: Ball 3-1: Foul Ball, location: 2F 3-2: Base on Balls
|
|
Batting: RHB Mike Maserang
|
0-0: Grounds into double play, 4-6-3 (Groundball, 34, EV 106.9 MPH)
|
|
Batting: LHB Josh George
|
0-0: Swinging Strike 0-1: Ball 1-1: Foul Ball, location: 2F 1-2: Ground out 6-3 (Groundball, 6M, EV 106.2 MPH)
|
| Bottom of the 6th over - 0 runs, 0 hits, 0 errors, 0 left on base; Atlanta (MID) 6 - Lakewood 1 |
| TOP OF THE 7TH |
|
Atlanta (MID) Braves batting - Pitching for Lakewood BlueClaws : RHP Gregorio Padilla
|
|
Batting: SHB Brett McEwen
|
0-0: Ball 1-0: Swinging Strike 1-1: Called Strike 1-2: Strikes out swinging
|
|
Batting: LHB Tamaichi Sasada
|
0-0: Ball 1-0: Foul Ball, location: 2F 1-1: Ball 2-1: Ball 3-1: Base on Balls
|
|
Pitching: RHP John Hughes
|
|
|
Batting: LHB Ricardo Sandoval
|
0-0: Called Strike 0-1: Ball 1-1: Swinging Strike 1-2: Strikes out swinging
|
|
Batting: LHB Andres Aldape
|
0-0: Ball 1-0: Ball 2-0: Fly out, F9 (Flyball, 89M, EV 93.8 MPH)
|
| Top of the 7th over - 0 runs, 0 hits, 0 errors, 1 left on base; Atlanta (MID) 6 - Lakewood 1 |
| BOTTOM OF THE 7TH |
|
Lakewood BlueClaws batting - Pitching for Atlanta (MID) Braves : RHP Gabe Fillmore
|
|
Batting: RHB Juan Valadez
|
0-0: Ball 1-0: Ball 2-0: Called Strike 2-1: Foul Ball, location: 2F 2-2: Foul Ball, location: 2F 2-2: Ball 3-2: Base on Balls
|
|
Pitching: RHP Jeremy Armstrong
|
|
|
Batting: RHB Trent Hedrick
|
0-0: Ball 1-0: Ball 2-0: Foul Ball, location: 2F 2-1: Foul Ball, location: 2F 2-2: SINGLE (Groundball, 4MD, EV 108.8 MPH) Juan Valadez to second Runner from 2nd tries for 3rd, OUT! 8-5
|
|
Batting: RHB Danny Habermehl
|
Pickoff Throw to First - Error! E1 Trent Hedrick to second 0-0: Called Strike 0-1: Swinging Strike 0-2: Ground out U3 (Groundball, 3S, EV 80.0 MPH) Trent Hedrick to third
|
|
Batting: RHB Tony Perez
|
0-0: Foul Ball, location: 2F 0-1: Ball 1-1: Called Strike 1-2: Ball 2-2: Ground out 6-3 (Groundball, 6, EV 83.1 MPH)
|
| Bottom of the 7th over - 0 runs, 1 hit, 1 error, 1 left on base; Atlanta (MID) 6 - Lakewood 1 |
| TOP OF THE 8TH |
|
Atlanta (MID) Braves batting - Pitching for Lakewood BlueClaws : RHP John Hughes
|
|
Batting: RHB Alex Campos
|
0-0: Ball 1-0: Foul Ball, location: 2F 1-1: DOUBLE (Line Drive, 9LM, EV 105.0 MPH)
|
|
Batting: RHB Adonis Jenifer
|
0-0: Called Strike 0-1: Swinging Strike 0-2: Ball 1-2: Foul Ball, location: 2F 1-2: Foul Ball, location: 2F 1-2: Foul Ball, location: 2F 1-2: Foul Ball, location: 2F 1-2: Ground out 4-3 (Groundball, 4, EV 102.5 MPH) Alex Campos to third
|
|
Batting: RHB Gabe Allen
|
0-0: Called Strike 0-1: Ground out 4-3 (Groundball, 6M, EV 103.8 MPH) Alex Campos scores
|
|
Batting: RHB Chris Trites
|
0-0: Called Strike 0-1: Ball 1-1: Ball 2-1: Ball 3-1: Foul Ball, location: 2F 3-2: Foul Ball, location: 2F 3-2: DOUBLE (Line Drive, 9LM, EV 107.5 MPH)
|
|
Batting: RHB Costantino Dolfini
|
0-0: Ball 1-0: Foul Ball, location: 2F 1-1: Foul Ball, location: 2F 1-2: Foul Ball, location: 2F 1-2: SINGLE (Groundball, 6MD, EV 95.6 MPH) Chris Trites to third Runner from 3rd tries for Home, throw by CF and OUT! 8-2
|
| Top of the 8th over - 1 run, 3 hits, 0 errors, 1 left on base; Atlanta (MID) 7 - Lakewood 1 |
| BOTTOM OF THE 8TH |
|
Lakewood BlueClaws batting - Pitching for Atlanta (MID) Braves : RHP Jeremy Armstrong
|
|
Batting: RHB Kyle Reilly
|
0-0: Ball 1-0: Fly out, F6 (Line Drive, 6, EV 64.4 MPH)
|
|
Batting: RHB Alan Weller
|
0-0: Swinging Strike 0-1: Ball 1-1: Foul Ball, location: 2F 1-2: Fly out, F9 (Flyball, 89S, EV 88.8 MPH)
|
|
Batting: SHB Brett St. Clair
|
0-0: Ball 1-0: Called Strike 1-1: Foul Ball, location: 2F 1-2: Foul Ball, location: 2F 1-2: Strikes out swinging, 2-3 out at first.
|
| Bottom of the 8th over - 0 runs, 0 hits, 0 errors, 0 left on base; Atlanta (MID) 7 - Lakewood 1 |
| TOP OF THE 9TH |
|
Atlanta (MID) Braves batting - Pitching for Lakewood BlueClaws : RHP John Hughes
|
|
Batting: SHB Brett McEwen
|
0-0: Ball 1-0: Ball 2-0: Swinging Strike 2-1: Called Strike 2-2: Ground out U3 (Groundball, 23, EV 81.9 MPH)
|
|
Batting: LHB Tamaichi Sasada
|
0-0: Ball 1-0: Ball 2-0: Ground out U3 (Groundball, 3, EV 87.5 MPH)
|
|
Batting: LHB Ricardo Sandoval
|
0-0: SINGLE (Groundball, 4MD, EV 101.2 MPH)
|
|
Pitching: RHP Ramon Mena
|
|
|
Batting: LHB Andres Aldape
|
0-0: Ball 1-0: Called Strike 1-1: Called Strike 1-2: Strikes out swinging
|
| Top of the 9th over - 0 runs, 1 hit, 0 errors, 1 left on base; Atlanta (MID) 7 - Lakewood 1 |
| BOTTOM OF THE 9TH |
|
Lakewood BlueClaws batting - Pitching for Atlanta (MID) Braves : RHP Jeremy Armstrong
|
|
Batting: RHB Mike Maserang
|
0-0: Ball 1-0: Ball 2-0: Ball 3-0: Base on Balls
|
|
Batting: LHB Josh George
|
0-0: Ball 1-0: SINGLE (Line Drive, 6D, EV 96.9 MPH) Mike Maserang to second
|
|
Batting: RHB Juan Valadez
|
0-0: Called Strike 0-1: SINGLE (Line Drive, 34D, EV 99.4 MPH) Mike Maserang to third Josh George to second
|
|
Batting: RHB Trent Hedrick
|
0-0: Fly out, F9 (Flyball, 9S, EV 81.9 MPH)
|
|
Batting: RHB Danny Habermehl
|
0-0: Swinging Strike 0-1: Ball 1-1: Swinging Strike 1-2: Fielders Choice at 2nd, 6-4 (Groundball, 6, EV 101.2 MPH) Mike Maserang scores Josh George to third
|
|
Batting: RHB Tony Perez
|
0-0: Called Strike 0-1: DOUBLE (Flyball, 8LXD, EV 86.9 MPH) Josh George scores Danny Habermehl to third
|
|
Pitching: LHP Tyler Portier
|
|
|
Batting: RHB Kyle Reilly
|
0-0: SINGLE (Line Drive, 9S, EV 87.5 MPH) Danny Habermehl scores Tony Perez to third
|
|
Batting: RHB Alan Weller
|
0-0: Ground out 6-3 (Groundball, P, EV 79.4 MPH)
|
| Bottom of the 9th over - 3 runs, 4 hits, 0 errors, 2 left on base; Atlanta (MID) 7 - Lakewood 4 |
|